Map: Psionic Temple

Players

Tesla - Winner!

  • Race: Protoss Protoss

UnnameD

  • Race: Protoss Protoss

VOD

Have the link to the VOD?

Description

Time

  • Played on: Sept. 12, 2016, 9:04 a.m.
  • Length: 15:03
Show
View Real Time Build Order
Export as new Build Order

Tesla Protoss - Winner!

Build Orders:  

Get SALT Encoding   

  12  0:01  Probe (Chrono Boost)  
  13  0:11  Probe (Chrono Boost)  
  14  0:19  Pylon  
  14  0:22  Probe (Chrono Boost)  
  15  0:37  Probe (Chrono Boost)  
  15  0:38  Gateway  
  16  0:43  Assimilator  
  16  0:48  Probe (Chrono Boost)  
  17  0:58  Probe (Chrono Boost)  
  18  1:08  Pylon  
  18  1:09  Probe (Chrono Boost)  
  19  1:20  Probe (Chrono Boost)  
  20  1:29  Cybernetics Core  
  21  1:33  Probe (Chrono Boost)  
  21  1:43  Probe (Chrono Boost)  
  22  1:51  Nexus  
  22  1:54  Probe (Chrono Boost)  
  23  1:59  Assimilator  
  23  2:04  Probe (Chrono Boost)  
  24  2:10  Warp Gate  
  24  2:15  Mothership Core (Chrono Boost)  
  25  2:29  Adept  
  27  2:31  Gateway  
  27  2:33  Probe (Chrono Boost)  
  29  2:44  Probe (Chrono Boost)  
  29  2:46  Pylon  
  29  2:58  Gateway  
  29  3:01  Pylon  
  29  3:04  Probe (Chrono Boost)  
  29  3:05  Probe (Chrono Boost)  
  31  3:11  Forge  
  31  3:17  Adept  
  33  3:23  Probe (Chrono Boost)  
  33  3:24  Probe (Chrono Boost)  
  35  3:27  Adept  
  37  3:37  Twilight Council  
  37  3:40  Probe (Chrono Boost)  
  39  3:41  Protoss Ground Weapons Level 1  
  39  3:42  Probe (Chrono Boost)  
  39  3:51  Probe (Chrono Boost)  
  39  3:54  Probe (Chrono Boost)  
  41  4:01  Resonating Glaives  
  41  4:02  Probe (Chrono Boost)  
  42  4:03  Assimilator  
  42  4:06  Probe (Chrono Boost)  
  42  4:07  Assimilator  
  43  4:14  Probe (Chrono Boost)  
  45  4:18  Probe (Chrono Boost)  
  45  4:20  Adept x2  
  45  4:22  Sentry  
  51  4:26  Probe (Chrono Boost)  
  51  4:30  Probe (Chrono Boost)  
  53  4:35  Pylon  
  53  4:38  Probe (Chrono Boost)  
  54  4:43  Robotics Facility  
  54  4:44  Probe (Chrono Boost)  
  55  4:46  Adept  
  55  4:47  Adept  
  55  4:49  Sentry  
  55  4:50  Probe (Chrono Boost)  
  62  4:57  Probe (Chrono Boost)  
  63  5:09  Probe (Chrono Boost)  
  64  5:15  Adept  
  64  5:16  Stalker x2  
  64  5:21  Pylon  
  70  5:23  Pylon  
  70  5:34  Blink  
  70  5:35  Protoss Ground Weapons Level 2  
  70  5:39  Nexus  
  70  5:41  Probe x2 (Chrono Boost), Assimilator  
  72  5:44  Observer  
  72  5:46  Assimilator  
  72  5:49  Pylon  
  73  5:56  Gateway  
  73  6:00  Stalker  
  73  6:02  Stalker  
  77  6:06  Probe (Chrono Boost)  
  77  6:08  Probe (Chrono Boost)  
  77  6:11  Stalker  
  81  6:16  Warp Prism  
  83  6:21  Probe (Chrono Boost)  
  83  6:24  Stalker  
  86  6:26  Stalker  
  88  6:35  Stalker  
  88  6:39  Probe x2 (Chrono Boost)  
  92  6:42  Pylon  
  92  6:43  Pylon  
  92  6:45  Pylon  
  92  6:50  Stalker  
  92  6:52  Stalker  
  96  6:57  Gateway  
  96  7:00  Pylon  
  96  7:06  Stalker  
  98  7:09  Immortal, Stalker  
  104  7:22  Stalker  
  106  7:23  Stalker  
  103  7:34  Stalker x2  
  97  7:38  Probe (Chrono Boost)  
  97  7:39  Probe x2 (Chrono Boost)  
  100  7:48  Probe (Chrono Boost)  
  100  7:51  Probe x2 (Chrono Boost), Stalker x2  
  103  7:57  Protoss Ground Weapons Level 3  
  107  7:59  Probe (Chrono Boost)  
  107  8:03  Probe (Chrono Boost), Stalker  
  111  8:09  Probe (Chrono Boost)  
  112  8:13  Stalker  
  112  8:16  Stalker  
  112  8:19  Probe (Chrono Boost)  
  117  8:20  Probe (Chrono Boost)  
  117  8:23  Probe (Chrono Boost)  
  119  8:55  Stalker x4  
  113  8:56  Stalker  
  78  9:20  Observer  
  71  9:25  Stalker x5  
  81  9:33  Gateway  
  81  9:34  Gateway  
  81  9:36  Gateway  
  81  9:41  Observer  
  82  9:50  Probe (Chrono Boost)  
  82  9:51  Probe (Chrono Boost)  
  82  9:52  Probe (Chrono Boost)  
  83  9:58  Stalker x2  
  83  9:59  Stalker x2  
  91  10:02  Probe (Chrono Boost), Observer  
  93  10:09  Stalker  
  95  10:18  Immortal  
  99  10:31  Templar Archives  
  99  10:32  Gateway  
  99  10:35  Gateway  
  99  10:37  Gateway  
  99  10:40  Pylon  
  99  10:42  Pylon  
  99  10:45  Adept x5  
  99  10:46  Adept  
  99  10:47  Adept  
  113  10:54  Probe x2 (Chrono Boost)  
  117  10:59  Mothership Core (Chrono Boost)  
  117  11:00  Immortal  
  117  11:05  Nexus  
  117  11:09  Assimilator  
  121  11:11  Adept x2  
  121  11:12  Adept x4, Protoss Ground Armor Level 1  
  121  11:13  Adept, Assimilator  
  121  11:16  Pylon  
  135  11:34  Immortal  
  139  11:40  Adept  
  139  11:41  Adept x5  
  151  11:59  Stalker x4  
  159  12:07  Stalker x3  
  147  12:15  Stalker x2  
  124  12:29  Stalker x3  
  124  12:30  Stalker  
  122  13:19  High Templar x5  
  122  13:23  Archon x2  
  122  13:29  High Templar  
  122  13:30  Zealot x2  
  122  13:31  Zealot x2  
  122  13:33  Archon  
  122  14:16  Photon Cannon  
  122  14:17  Pylon  
  122  14:19  Pylon  
Show
View Real Time Build Order
Export as new Build Order

UnnameD Protoss 

Build Orders:  

Get SALT Encoding   

  12  0:16  Probe (Chrono Boost)  
  13  0:27  Pylon  
  13  0:31  Probe (Chrono Boost)  
  14  0:42  Probe (Chrono Boost)  
  15  0:52  Probe (Chrono Boost), Gateway  
  16  0:57  Forge  
  16  1:03  Probe (Chrono Boost)  
  17  1:14  Pylon  
  17  1:23  Probe (Chrono Boost), Assimilator  
  18  1:33  Probe (Chrono Boost)  
  19  1:46  Cybernetics Core  
  19  1:56  Photon Cannon  
  21  2:01  Zealot, Photon Cannon  
  21  2:06  Probe (Chrono Boost)  
  22  2:12  Assimilator  
  22  2:16  Probe (Chrono Boost)  
  23  2:27  Probe (Chrono Boost)  
  24  2:30  Warp Gate  
  24  2:37  Probe (Chrono Boost)  
  24  2:43  Nexus  
  25  2:48  Probe (Chrono Boost)  
  26  2:58  Probe (Chrono Boost)  
  26  3:02  Pylon  
  27  3:09  Probe (Chrono Boost)  
  29  3:20  Probe (Chrono Boost)  
  29  3:27  Twilight Council  
  29  3:30  Probe (Chrono Boost)  
  30  3:37  Stargate  
  30  3:40  Gateway  
  30  3:47  Probe (Chrono Boost)  
  31  3:53  Gateway  
  31  3:57  Gateway  
  31  4:04  Pylon  
  31  4:08  Probe x2 (Chrono Boost)  
  33  4:20  Probe x2 (Chrono Boost)  
  33  4:22  Charge  
  35  4:32  Probe x2 (Chrono Boost)  
  35  4:35  Assimilator  
  37  4:41  Assimilator  
  37  4:50  Dark Shrine  
  37  4:55  Probe (Chrono Boost)  
  37  4:56  Probe (Chrono Boost)  
  39  5:01  Robotics Facility  
  39  5:06  Probe x2 (Chrono Boost)  
  41  5:10  Protoss Ground Weapons Level 1  
  41  5:12  Zealot x2  
  45  5:16  Zealot  
  47  5:22  Probe (Chrono Boost)  
  47  5:23  Probe (Chrono Boost)  
  47  5:25  Oracle  
  52  5:33  Probe x2 (Chrono Boost)  
  54  5:50  Gateway  
  54  5:51  Pylon  
  54  6:01  Oracle  
  57  6:05  Pylon, Forge  
  57  6:15  Gateway  
  57  6:24  Forge  
  57  6:41  Immortal  
  57  6:42  Nexus  
  61  6:51  Pylon  
  61  7:00  Pylon  
  61  7:02  Pylon x2  
  61  7:11  Protoss Ground Weapons Level 2  
  61  7:12  Protoss Shields Level 1, Protoss Ground Armor Level 1  
  61  7:21  Observer  
  62  7:31  Zealot x4  
  62  7:32  Zealot x2  
  74  7:42  Immortal  
  72  7:45  Pylon  
  72  7:49  Pylon  
  72  7:50  Pylon  
  72  7:55  Probe x3 (Chrono Boost)  
  75  8:12  Dark Templar x4  
  81  8:13  Dark Templar x2  
  81  8:17  Archon x2  
  81  8:19  Archon  
  87  8:23  Immortal  
  91  8:32  Probe x2 (Chrono Boost)  
  91  8:33  Probe (Chrono Boost)  
  94  8:46  Dark Templar x2  
  94  8:47  Dark Templar x2  
  98  8:54  Dark Templar  
  74  9:07  Dark Templar  
  59  9:22  Dark Templar  
  61  9:24  Zealot  
  61  9:25  Zealot x2  
  67  9:37  Nexus  
  67  9:48  Zealot x3  
  67  9:49  Zealot x2  
  75  10:02  Protoss Ground Weapons Level 3, Protoss Ground Armor Level 2  
  75  10:20  Archon  
  75  10:21  Archon  
  73  10:22  Zealot x2  
  73  10:23  Zealot x2  
  73  10:24  Zealot  
  73  10:25  Zealot  
  85  10:41  Pylon  
  85  10:44  Pylon  
  85  10:48  Pylon  
  85  10:53  Probe x2 (Chrono Boost)  
  85  10:54  Probe (Chrono Boost)  
  88  11:00  Dark Templar x4  
  96  11:06  Dark Templar x2  
  96  11:10  Archon x2  
  96  11:11  Archon  
  100  11:19  Probe x2 (Chrono Boost)  
  100  11:20  Probe (Chrono Boost)  
  103  11:27  Assimilator  
  103  11:31  Assimilator  
  103  11:32  Pylon  
  103  11:38  Immortal  
  107  11:46  Probe x3 (Chrono Boost)  
  110  11:53  Zealot x4  
  110  11:54  Zealot  
  118  11:57  Zealot  
  98  12:15  Zealot x4  
  70  12:16  Zealot  
Tags
 
Add a new tag
Caveats
  • Supply blocks, unpowered buildings, or Contaminate may cause inaccurate times.
  • Supply counts are checked every 10 seconds.